 Dungeon Crawl Stone Soup version 0.23.0 (webtiles) character file.

Game seed: 2369773152336643656

161 Gadfly the Sneak (level 5, -1/36 HPs)
             Began as an Octopode Assassin on Feb 15, 2019.
             Slain by Blork the orc
             ... wielding a +0 hand axe
              (7 damage)
             ... on level 4 of the Dungeon.
             The game lasted 00:04:37 (2361 turns).

Gadfly the Sneak (Octopode Assassin)                Turns: 2361, Time: 00:04:38

Health: -1/36      AC:  1    Str: 12    XL:     5   Next: 42%
Magic:  5/5        EV: 19    Int: 14    God:
Gold:   57         SH:  0    Dex: 19    Spells: 4/4 levels left

rFire    + . .     SeeInvis .   t - +3 long sword "Vulidoti" {freeze, Str+2} (curse)
rCold    + . .     Gourm    .   (no shield)
rNeg     . . .     Faith    .   (helmet restricted)
rPois    +         Spirit   .   o - amulet of rage
rElec    +         Reflect  .   (no ring)
rCorr    +         Harm     .   (no ring)
MR       .....                  (no ring)
Stlth    ++++++....             (no ring)
HPRegen  0.12/turn              (no ring)
MPRegen  0.09/turn              (no ring)
                                (no ring)
                                (no ring)

@: agile, lethally poisoned (-1 -> -6), resistant
A: almost no armour, stealthy swim, amphibious, 8 rings, constrict 8, camouflage
1, gelatinous body 1
a: Evoke Berserk Rage


You were on level 4 of the Dungeon.
You were hungry.

You visited 1 branch of the dungeon, and saw 4 of its levels.

You collected 57 gold pieces.

Inventory:

Hand Weapons
 a - a +2 dagger of speed
 b - a +0 blowgun
 q - a +1 dagger of venom
 t - the cursed +3 long sword "Vulidoti" (weapon) {freeze, Str+2}
   (You found it on level 4 of the Dungeon)

   It has been specially enchanted to freeze those struck by it, causing extra
   injury to most foes and up to half again as much damage against particularly
   susceptible opponents.
   It can also slow down cold-blooded creatures.
   It affects your strength (+2).
   It has a curse placed upon it.
Missiles
 c - 8 poisoned needles
 d - 2 curare-tipped needles
 s - 6 needles of confusion
Jewellery
 o - an amulet of rage (around mantle)
Scrolls
 i - 2 scrolls of enchant weapon {unknown}
 j - 4 scrolls of identify {unknown}
 l - a scroll of amnesia {unknown}
 n - a scroll of blinking {unknown}
 p - a scroll of enchant armour {unknown}
 r - 4 scrolls of teleportation {unknown}
Potions
 e - a potion of heal wounds
 k - a potion of mutation {unknown}
 m - a potion of resistance
Comestibles
 f - 8 rations


   Skills:
 + Level 2.8 Fighting
 + Level 2.8 Short Blades
 + Level 2.7 Throwing
 + Level 2.1 Dodging
 * Level 6.9 Stealth


You had 4 spell levels left.
You didn't know any spells.
Your spell library was empty.

Dungeon Overview and Level Annotations

Branches:
Dungeon (4/15)
 Temple: D:4-7

Altars:

Annotations:
D:4 Blork the orc


Innate Abilities, Weirdness & Mutations

You cannot wear most types of armour.
You are very stealthy in the water. (Stealth+)
You are amphibious.
You can wear up to eight rings at the same time.
You can use your tentacles to constrict eight enemies at once.
Your skin changes colour to match your surroundings (Stealth+).
Your rubbery body absorbs attacks. (AC +1, EV +1)


Message History

You hit Blork the orc. You freeze Blork the orc.
Blork the orc is heavily wounded.
You constrict Blork the orc.
You are feeling hungry.
You feel sick.
Blork the orc hits you with a +0 hand axe.
* * * LOW HITPOINT WARNING * * *
It was a potion of resistance.
You feel protected.
You constrict Blork the orc.
Blork the orc mumbles some strange words.
Blork the orc seems to speed up.
It was a potion of agility.
You feel agile all of a sudden.
You constrict Blork the orc.
You feel sick.
Blork the orc casts a spell.
Blork the orc flickers and vanishes!
Deactivating autopickup; reactivate with Ctrl-A.
Something hits you!
You die...

S....................
#....#.#####.####...
#...............#...
#######...##.####.##.#...
..................##.#...
....)..†...........>.#..#
.####....#.#.####....#...
#.##.#.#.# #....#... #.
#@#.#.# #....#...
#..{...#.# ##....#...
......#.###). #.........
...##.#.# ##. #.#.#.##..
.. # #.. ......#..... #..
..#...###### ..# #..#....
..# #. ##..# . #..#


There were no monsters in sight!

Vanquished Creatures
  An iguana (D:4)
  A worker ant (D:4)
  A gnoll (D:1)
  An adder (D:2)
  3 worms (D:2)
  2 dart slugs
  3 leopard geckos (D:1)
  An orc (D:3)
  3 giant cockroaches
  8 goblins
  9 hobgoblins
  14 jackals
  8 kobolds
  A ball python (D:1)
  4 bats
  6 frilled lizards
  5 rats
71 creatures vanquished.

Notes
Turn   | Place    | Note
-------+----------+-------------------------------------------
     0 | D:1      | Gadfly the Octopode Assassin began the quest for the Orb.
     0 | D:1      | Reached XP level 1. HP: 14/14 MP: 1/1
   100 | D:1      | Reached XP level 2. HP: 10/19 MP: 2/2
   477 | D:1      | Reached XP level 3. HP: 24/24 MP: 3/3
   865 | D:1      | Reached skill level 6 in Stealth
  1192 | D:2      | Reached XP level 4. HP: 29/30 MP: 4/4
  2144 | D:3      | Noticed a two-headed ogre
  2266 | D:4      | Reached XP level 5. HP: 30/35 MP: 5/5
  2330 | D:4      | Got a jewelled long sword
  2331 | D:4      | Identified the cursed +3 long sword "Vulidoti" {freeze,
                  | Str+2} (You found it on level 4 of the Dungeon)
  2344 | D:4      | Noticed Blork the orc
  2361 | D:4      | Slain by Blork the orc

Skill      XL: |  1  2  3  4 |
---------------+-------------+-----
Stealth        | 6 |  6.9
Dodging        | 2 |  2.1
Fighting       | |  2.8
Short Blades   | |  2.8
Throwing       | |  2.7

Action                   |  1- 3 |  4- 6 || total
-------------------------+-------+-------++-------
Melee: Dagger            |    76 |    73 ||   149
       Constrict         |    20 |    18 ||    38
       Tentacles         |    14 |    11 ||    25
       Long sword        |       |     9 ||     9
  Use: Potion            |       |     3 ||     3
       Scroll            |       |     1 ||     1
 Stab: Sleeping          |     7 |    12 ||    19
       Distracted        |     1 |     1 ||     2
  Eat: Chunk             |     1 |     3 ||     4
Armor: Skin              |     6 |     2 ||     8
Dodge: Dodged            |    36 |    47 ||    83
       Rpst.: Long sword |       |     1 ||     1
